 Dungeon Crawl Stone Soup version 0.30-a0-723-gc1506a1cf0 (webtiles) character file.

Game seed: 1838250255002518092

95 bande the Shield-Bearer (level 4, -7/29 HPs)
             Began as a Gargoyle Fighter on Jan 28, 2023.
             Mangled by a hellwing (8 damage)
             ... summoned by a kobold demonologist
             ... on level 5 of the Dungeon on Jan 29, 2023.
             The game lasted 00:04:56 (1847 turns).

bande the Shield-Bearer (Gargoyle Fighter)          Turns: 1847, Time: 00:04:56

Health: -7/29      AC: 16    Str: 20    XL:     4   Next: 66%
Magic:  4/4        EV:  7    Int:  8    God:
Gold:   220        SH:  4    Dex: 11    Spells: 3/3 levels left

rFire   . . .      SeeInvis .    a - +1 war axe
rCold   . . .      Faith    .    c - +0 buckler
rNeg    + . .      Spirit   .    g - +0 chain mail
rPois   ∞          Reflect  .    (no helmet)
rElec   +          Harm     .    (no cloak)
rCorr   .          Rampage  .    (no gloves)
Will    .....                    o - +0 pair of boots Stlth
                                 (no amulet)
HPRegen 0.24/turn                (no ring)
MPRegen 0.09/turn                (no ring)

@: no status effects
A: sickness immunity, AC +3, negative energy resistance 1, electricity
resistance, torment resistance 1, petrification resistance, iridescent scales 1,
no potion heal 1
a: no special abilities


You were on level 5 of the Dungeon.
You visited 1 branch of the dungeon, and saw 4 of its levels.

You collected 220 gold pieces.

Inventory:

Hand Weapons
 a - a +1 war axe (weapon)
Armour
 c - a +0 buckler (worn)
 g - a +0 chain mail (worn)
 o - a +0 pair of boots (worn)
Jewellery
 j - a ring of ice
 l - an amulet of magic regeneration
Wands
 e - a wand of roots (7)
Scrolls
 b - a scroll of enchant weapon
 f - 5 scrolls of identify
Potions
 d - 2 potions of might
 h - a potion of attraction {unknown}
 i - 2 potions of invisibility
 k - a potion of lignification {unknown}
 m - a potion of curing


   Skills:
 + Level 3.7 Fighting
 + Level 3.2 Axes
 + Level 3.8 Armour
 + Level 3.8 Shields


You had 3 spell levels left.
You didn't know any spells.
Your spell library was empty.

Dungeon Overview and Level Annotations

Branches:
Dungeon (3/15)

Altars:
Qazlal
Sif Muna
Zin

Shops:
D:1 *


Innate Abilities, Weirdness & Mutations

You are immune to sickness and miasma.
Your stone body is resilient. (AC +3)
You are immune to poison.
You resist negative energy. (rN+)
You are resistant to electric shocks. (rElec)
You are resistant to unholy torment.
You are immune to petrification.
You are partially covered in iridescent scales. (AC +2)
Potions are less effective at restoring your health.


Message History

You closely miss the hellwing.
The kobold demonologist hits you but does no damage.
The hellwing hits you but does no damage. x2
A kobold demonologist comes into view. It is wielding a +0 dagger.
The kobold demonologist closely misses you.
The kobold demonologist gestures wildly while chanting.
The hellwing barely misses you. x2
You closely miss the kobold demonologist.
You barely miss the hellwing.
The kobold demonologist looks satisfied for a moment.
The hellwing closely misses you.
The hellwing hits you but does no damage.
Unknown command.
You miss the kobold demonologist. You hit the hellwing but do no damage.
The iron imp shouts, "Scamper hence, thou tottering fob-snatching coxcomb!"
The kobold demonologist barely misses you.
You block the hellwing's attack.
The hellwing hits you but does no damage.
You block the hellwing's attack. The hellwing barely misses you.
The kobold demonologist closely misses you.
Unknown command.
You hit the kobold demonologist but do no damage.
You hit the hellwing but do no damage. You block the hellwing's attack.
The hellwing hits you but does no damage.
The kobold demonologist hits you but does no damage.
You miss the kobold demonologist. You hit the hellwing but do no damage.
The kobold demonologist hits you with a +1 dagger of venom.
* * * LOW HITPOINT WARNING * * *
The hellwing hits you.
* * * LOW HITPOINT WARNING * * *
You block the hellwing's attack.
The kobold demonologist gestures wildly while chanting.
Unknown command.
You hit the kobold demonologist.
The kobold demonologist is lightly wounded.
You closely miss the hellwing.
The kobold demonologist hits you with a +1 dagger of venom.
* * * LOW HITPOINT WARNING * * *
The hellwing hits you!
You die...

### ## # ...
K##K#
#.#####4K55#
...#.@K#
#.#.### #...#
##.## #.#
#.####
#....## ###
####...####.#
##.##
#...........#


You could see a hellwing (summoned), 2 kobold demonologists, a kobold brigand,
an iron imp (summoned), a quasit (summoned) and a kobold.

Vanquished Creatures
  4 adders (D:2)
  A dart slug (D:3)
  5 bats
  An endoplasm (D:2)
  3 giant cockroaches
  4 goblins
  7 hobgoblins
  3 quokkas
  9 ball pythons
  7 frilled lizards
  6 kobolds
  9 rats
59 creatures vanquished.

Notes
Turn   | Place    | Note
-------+----------+-------------------------------------------
     0 | D:1      | bande the Gargoyle Fighter began the quest for the Orb.
     0 | D:1      | Reached XP level 1. HP: 14/14 MP: 1/1
    35 | D:1      | Found Kainoe's Assorted Antiques.
   107 | D:1      | Reached XP level 2. HP: 18/19 MP: 2/2
   284 | D:1      | Found a faded altar of an unknown god.
   732 | D:2      | Reached XP level 3. HP: 23/23 MP: 3/3
  1041 | D:2      | Gained mutation: Your magical capacity is low. (-10% MP)
                  | [potion of mutation]
  1041 | D:2      | Gained mutation: You are weak. (Str -2) [potion of
                  | mutation]
  1041 | D:2      | Lost mutation: You are weak. (Str -2) [potion of mutation]
  1042 | D:2      | Lost mutation: Your magical capacity is low. (-10% MP)
                  | [potion of mutation]
  1042 | D:2      | Gained mutation: Potions are less effective at restoring
                  | your health. [potion of mutation]
  1042 | D:2      | Gained mutation: You are partially covered in iridescent
                  | scales. (AC +2) [potion of mutation]
  1073 | D:2      | Reached XP level 4. HP: 27/28 MP: 4/4
  1465 | D:3      | Found a stormy altar of Qazlal.
  1465 | D:3      | Found a shimmering blue altar of Sif Muna.
  1687 | D:3      | Found a glowing silver altar of Zin.
  1799 | D:3      | You fall into a shaft and drop 2 floors!
  1799 | D:5      | Entered Level 5 of the Dungeon
  1835 | D:5      | Noticed a kobold demonologist
  1837 | D:5      | Noticed a hellwing
  1837 | D:5      | Noticed a kobold brigand
  1842 | D:5      | Noticed a kobold demonologist
  1847 | D:5      | HP: 1/29 [kobold demonologist/+1 dagger of venom (1)]
  1847 | D:5      | Mangled by a hellwing

Illustrated notes

Levels and vault maps discovered:
D:1:      wander_arrival_desolate, layout_loops_cross,
          shapermc_ecumenical_altar_mp_highgroup, serial_shops, shop
D:2:      layout_basic, minmay_surrounded
D:3:      layout_basic, zin_treasury, jmf_multi_god_temple,
          minmay_pentomino_pile
D:5:      layout_loops_ring, minmay_temple_entry_glassed_door,
          sigmund_edmund_badplayer

Skill      XL: |  1  2  3  4 |
---------------+-------------+-----
Axes           | 2 3 |  3.2
Fighting       | |  3.7
Armour         | |  3.8
Shields        | |  3.8

Action                     |  1- 3 |  4- 6 || total
---------------------------+-------+-------++-------
  Melee: War axe           |   102 |    81 ||   183
    Use: Scroll            |     5 |     5 ||    10
         Potion            |     2 |       ||     2
 Armour: Scale mail        |    49 |    18 ||    67
         Chain mail        |       |    60 ||    60
  Dodge: Dodged            |    57 |    37 ||    94
  Block: Buckler           |    22 |    26 ||    48

Table legend: (Time is in decaauts)
 A = Elapsed time spent in this place.
 B = Non-inter-level travel time spent in this place.
 C = Inter-level travel time spent in this place.
 D = Time resting spent in this place.
 E = Time spent auto-exploring this place.
 F = Levels seen in this place.
 G = Mean time per level.
                   A        B        C        D        E       F      G
               +--------+--------+--------+--------+--------+-----+--------+
         Total |   1922 |   1808 |    114 |      0 |   1308 |   4 |  480.5 |
       Dungeon |   1922 |   1808 |    114 |      0 |   1308 |   4 |  480.5 |
               +--------+--------+--------+--------+--------+-----+--------+

Top non-repeatable levels by time:
     D:1: 756 daAuts
     D:2: 702 daAuts
     D:3: 411 daAuts
     D:5: 51 daAuts
